 Dungeon Crawl Stone Soup version 0.23.0-3-gf3c87f2 (console) character file.

Game seed: 12156798166943815141

11907 erker the Covert (level 11, -1/74 HPs)
             Began as a Vampire Enchanter on Feb 22, 2019.
             Was a Follower of Ashenzari.
             Slain by a sphinx (8 damage)
             ... on level 8 of the Dungeon.
             The game lasted 01:14:00 (11249 turns).

erker the Covert (Vampire Enchanter)               Turns: 11249, Time: 01:14:00

Health: -1/74      AC:  5    Str:  4    XL:     11   Next: 55%
Magic:  24/31      EV: 15    Int: 20    God:    Ashenzari [*.....]
Gold:   377        SH:  0    Dex: 16    Spells: 13/25 levels left

rFire    + . .     SeeInvis +   a - +1 dagger (venom) (curse)
rCold    + + .     Gourm    .   (no shield)
rNeg     + + +     Faith    .   R - +2 leather armour {rF+}
rPois    ∞         Spirit   .   (no helmet)
rElec    .         Reflect  .   H - scarf {repulsion}
rCorr    .         Harm     .   (no gloves)
MR       +++..                  (no boots)
Stlth    +++++++...             Y - amulet of magic regeneration (curse)
HPRegen  0.00/turn              L - ring of magical power (curse)
MPRegen  0.47/turn              S - ring of Wishful Thinking {MR++ Str-3 SInv} (curse)

@: bloodless, non-regenerating, repel missiles
A: rotting body, fangs 3, see invisible, unbreathing
a: Bat Form, Curse Item, Scrying, Renounce Religion


You were on level 8 of the Dungeon.
You worshipped Ashenzari.
Ashenzari was aware of your devotion.
You were bloodless.

You visited 2 branches of the dungeon, and saw 11 of its levels.

You collected 677 gold pieces.
You spent 300 gold pieces at shops.

Inventory:

Hand Weapons
 a - a cursed +1 dagger of venom (weapon)
 K - the +8 trident of Ohap {pain, rElec}
   (You found it on level 5 of the Dungeon)

   In the hands of one skilled in necromantic magic, it inflicts extra damage on
   living creatures.
   It insulates you from electricity.
 Z - a +0 blowgun
Missiles
 z - 4 needles of confusion
 D - 63 poisoned needles
 G - 9 javelins (quivered)
 P - 4 throwing nets
Armour
 b - a +0 robe
 H - a scarf of repulsion (worn)
 R - a +2 leather armour of fire resistance (worn)
Magical Staves
 W - an uncursed staff of power
Jewellery
 e - an uncursed ring of positive energy
 B - an uncursed ring of poison resistance
 L - a cursed ring of magical power (left hand)
 O - an uncursed ring of resist corrosion
 S - the cursed ring of Wishful Thinking (right hand) {MR++ Str-3 SInv}
   (You found it on level 7 of the Dungeon)

   [ring of strength]

   It affects your strength (-3).
   It affects your resistance to hostile enchantments.
   It lets you see invisible.
   It has a curse placed upon it.
 X - a +5 ring of evasion
 Y - a cursed amulet of magic regeneration (around neck)
Wands
 F - a wand of iceblast (8)
 I - a wand of digging (10)
 N - a wand of polymorph (13)
 Q - a wand of acid (5)
Scrolls
 c - 5 scrolls of identify {unknown}
 d - 2 scrolls of magic mapping {unknown}
 f - 3 scrolls of noise {unknown}
 h - 3 scrolls of fog {unknown}
 i - 4 scrolls of enchant armour {unknown}
 k - 4 scrolls of remove curse
 p - 7 scrolls of teleportation {unknown}
 t - a scroll of vulnerability {unknown}
 u - 2 scrolls of immolation {unknown}
 y - 2 scrolls of enchant weapon {unknown}
 A - a scroll of random uselessness {unknown}
 E - 5 scrolls of blinking {unknown}
 V - a scroll of fear {unknown}
Potions
 g - 2 potions of agility {unknown}
 j - a potion of lignification {unknown}
 l - 2 potions of haste
 m - a potion of might {unknown}
 n - a potion of curing
 o - 3 potions of brilliance {unknown}
 q - 20 potions of blood
 r - 3 potions of berserk rage {unknown}
 s - 2 potions of flight {unknown}
 v - 4 potions of heal wounds {unknown}
 w - 3 potions of mutation {unknown}
 x - 3 potions of degeneration {unknown}
 J - 2 potions of ambrosia {unknown}
 T - a potion of cancellation {unknown}


   Skills:
 + Level 2.8 Fighting
 * Level 8.7 Short Blades
 + Level 2.1 Armour
 * Level 7.1 Dodging
 - Level 12.0 Stealth
 + Level 7.9 Spellcasting
 - Level 10.0 Hexes
 * Level 2.7 Charms
 + Level 6.7 Ice Magic
 * Level 2.2 Air Magic


You had 13 spell levels left.
You knew the following spells:

 Your Spells              Type           Power        Failure   Level  Hunger
a - Corona                Hex            #####..      1%          1    None
b - Deflect Missiles      Chrm/Air       ###.......   100%        6    ######.
c - Confuse               Hex            #####...     1%          3    None
z - Ensorcelled Hibernat  Hex/Ice        #####.       1%          2    None

Your spell library contained the following spells:

 Spells                   Type           Power        Failure   Level  Hunger
 Confusing Touch          Hex            #####.       1%          1    None
 Tukima's Dance           Hex            #####...     1%          3    None
 Cause Fear               Hex            #####.....   2%          4    ###....
 Dazzling Spray           Conj/Hex       ####..       5%          3    None
 Summon Guardian Golem    Hex/Summ       ####....     5%          3    None
 Metabolic Englaciation   Hex/Ice        #####.....   13%         5    #####..
 Summon Small Mammal      Summ           #...         16%         1    None
 Call Imp                 Summ           #.......     22%         2    None
 Silence                  Hex/Air        ####......   32%         5    #####..
 Summon Ice Beast         Ice/Summ       ###.....     36%         4    ###....
 Call Canine Familiar     Summ           #.......     41%         3    None
 Gell's Gravitas          Tloc           #.........   41%         3    None
 Yara's Violent Unravell  Hex/Tmut       ####......   45%         5    #####..
 Summon Lightning Spire   Summ/Air       ##......     67%         4    ###....
 Petrify                  Tmut/Erth      #.......     83%         4    ###....
 Discord                  Hex            #####.....   100%        8    #######


Dungeon Overview and Level Annotations

Branches:
Dungeon (10/15)            Temple (1/1) D:7            Lair (0/6) D:8
    Orc (0/2) D:9

Altars:
Ashenzari
Cheibriados
Dithmenos
Elyvilon
Fedhas
Gozag
Hepliaklqana
Kikubaaqudgha
Makhleb
Nemelex Xobeh
Okawaru
Qazlal
Ru
Sif Muna
Trog
Uskayaw
Vehumet
Wu Jian
Xom
Yredelemnul
Zin

Shops:
D:5 =   D:9 }


Innate Abilities, Weirdness & Mutations

Your body is rotting away.
You thrive on raw meat.
You do not heal naturally.
You are immune to poison.
You have razor-sharp teeth.
You have supernaturally acute eyesight. (SInv)
You can survive without breathing.


Message History

* * * LOW HITPOINT WARNING * * *
The sphinx misses you.
Casting: Ensorcelled Hibernation (safe; 1% risk of failure)
Confirm with . or Enter, or press ? or * to list all spells.
Aiming: Confuse (safe; 1% risk of failure)
Press: ? - help, Shift-Dir - straight line, f - sphinx
Aim: a sphinx (chance to defeat MR: 37%)
Okay, then.
Unknown command.
Unknown command.
Unknown command.
You feel better. The sphinx hits you!
* * * LOW HITPOINT WARNING * * *
The sphinx hits you.
* * * LOW HITPOINT WARNING * * *
The sphinx closely misses you.
You feel better. The sphinx misses you. The sphinx hits you!
* * * LOW HITPOINT WARNING * * *
The sphinx hits you!
You die...

.........# #.)....#.#..
########## #########..###.#.#..
##############.....(........#.#..
".............................H..
#############..........######.#..
## #...<......# #.#.. .####
#..........######'### .##DG######
#....##.............# .#}:s##...#
#...@######.........# .#)HD#.##y#
#...H#### #.D.......# .####'###.#
#.......# #....H....# ..##.###.##
#.......# #.........# #.#.#
#..H###.......# #.........# #.#.
#..#...#.......# #.........#
#.#...#...#.........# #.........#
#.###########.......# #.........#
#..........##.......###.........#


You could see a sphinx.

Vanquished Creatures
  Erica (D:10)
  A two-headed ogre (D:9)
  The ghost of xccam the Martial Artist, a novice OpTm of Ru (D:9)
  An unseen horror (D:8)
  2 oklob plants (D:9)
  A komodo dragon (D:8)
  2 trolls (D:9)
  2 hippogriffs
  Sigmund (D:5)
  19 yaks
  A human (D:7)
  3 hogs (D:7)
  A vampire mosquito (D:8)
  Duvessa (D:5)
  An acid dragon (D:8)
  2 water moccasins
  3 orc warriors
  3 ice beasts
  A phantom (D:8)
  A necrophage (D:9)
  2 ogres
  2 centaurs
  A crocodile (D:9)
  3 big kobolds
  A bullfrog (D:7)
  A gnoll sergeant (D:8)
  A water moccasin zombie (D:5)
  Dowan (D:5)
  14 killer bees
  A scorpion (D:10)
  6 howler monkeys
  7 crimson imps
  A quasit (D:9)
  7 hounds
  2 orc priests
  5 orc wizards
  A bullfrog skeleton (D:10)
  2 bullfrog zombies
  A centaur skeleton (D:5)
  3 jellies
  2 iguanas
  4 worker ants
  7 gnolls
  10 adders
  An ooze (D:7)
  2 adder zombies
  An adder skeleton (D:10)
  5 worms
  2 dart slugs (D:2)
  4 leopard geckos
  27 orcs
  A ball python (D:3)
  7 bats
  7 giant cockroaches
  11 goblins
  5 hobgoblins
  10 jackals
  2 quokkas
  4 frilled lizards (D:1)
  A jackal skeleton (D:6)
  19 kobolds
  2 quokka skeletons
  13 rats
  A bush (D:6)
  A plant (D:8)
259 creatures vanquished.

Notes
Turn   | Place    | Note
-------+----------+-------------------------------------------
     0 | D:1      | erker the Vampire Enchanter began the quest for the Orb.
     0 | D:1      | Reached XP level 1. HP: 13/13 MP: 3/3
   122 | D:1      | Reached skill level 5 in Hexes
   152 | D:1      | Reached XP level 2. HP: 16/19 MP: 5/5
   325 | D:1      | Learned a level 2 spell: Ensorcelled Hibernation
   933 | D:1      | Reached skill level 1 in Ice Magic
   988 | D:1      | Reached XP level 3. HP: 24/24 MP: 6/6
  1242 | D:2      | Found a shadowy altar of Dithmenos.
  1837 | D:2      | Found a stormy altar of Qazlal.
  1911 | D:2      | Reached XP level 4. HP: 20/30 MP: 7/7
  2175 | D:2      | Learned a level 3 spell: Confuse
  2820 | D:3      | Reached skill level 5 in Stealth
  2862 | D:3      | Found a deep blue altar of Sif Muna.
  2906 | D:3      | Noticed an ogre
  2936 | D:3      | Killed an ogre
  2936 | D:3      | Reached XP level 5. HP: 35/35 MP: 6/8
  3255 | D:3      | Reached skill level 6 in Stealth
  3255 | D:3      | Reached XP level 6. HP: 41/41 MP: 6/10
  3979 | D:4      | Found a blossoming altar of Fedhas.
  4140 | D:5      | Entered Level 5 of the Dungeon
  4332 | D:5      | Reached skill level 7 in Stealth
  4332 | D:5      | Reached XP level 7. HP: 40/46 MP: 6/11
  4383 | D:5      | Got a translucent trident
  4398 | D:5      | Noticed Dowan
  4408 | D:5      | Noticed Duvessa
  4566 | D:5      | Found Aweoffae's Jewellery Emporium.
  4574 | D:5      | Bought an uncursed ring of magical power for 300 gold
                  | pieces
  4845 | D:5      | Noticed Sigmund
  4879 | D:5      | Killed Sigmund
  5008 | D:5      | Killed Duvessa
  5008 | D:5      | Reached skill level 8 in Stealth
  5080 | D:5      | Reached XP level 8. HP: 53/53 MP: 14/14
  5118 | D:5      | Killed Dowan
  5396 | D:6      | Reached skill level 1 in Fighting
  5716 | D:6      | Found a bloodstained altar of Trog.
  6045 | D:7      | Found a staircase to the Ecumenical Temple.
  6075 | Temple   | Entered the Ecumenical Temple
  6256 | Temple   | Became a worshipper of Ashenzari the Shackled
  6257 | Temple   | Identified the +8 trident of Ohap {pain, rElec} (You found
                  | it on level 5 of the Dungeon)
  6295 | D:7      | Noticed a hippogriff
  6322 | D:7      | Killed a hippogriff
  6322 | D:7      | Reached skill level 5 in Short Blades
  6322 | D:7      | Reached skill level 9 in Stealth
  6472 | D:7      | Reached skill level 5 in Spellcasting
  6472 | D:7      | Reached XP level 9. HP: 61/61 MP: 16/16
  6669 | D:6      | Reached skill level 10 in Stealth
  6781 | D:7      | Identified the cursed ring of Wishful Thinking {MR++ Str-3
                  | SInv}
  6971 | D:7      | Found a glowing silver altar of Zin.
  7131 | D:8      | Reached skill level 5 in Ice Magic
  7214 | D:8      | Reached skill level 1 in Armour
  7714 | D:8      | Found a staircase to the Lair.
  7714 | D:8      | Noticed a komodo dragon
  7742 | D:8      | Killed a komodo dragon
  7864 | D:8      | Reached * piety under Ashenzari
  7870 | D:8      | Reached skill level 11 in Stealth
  7943 | D:8      | Found a runed translucent door.
  7943 | D:8      | Noticed a fire dragon
  7943 | D:8      | Noticed an unseen horror
  7945 | D:8      | Noticed a fire dragon
  7945 | D:8      | Noticed a great orb of eyes
  7945 | D:8      | Noticed a sphinx
  7985 | D:8      | Killed an unseen horror
  7985 | D:8      | Reached XP level 10. HP: 20/68 MP: 19/19
  8221 | D:9      | Found a staircase to the Orcish Mines.
  8257 | D:9      | Found a sparkling altar of Nemelex Xobeh.
  8311 | D:9      | Reached skill level 5 in Dodging
  8383 | D:9      | Found a runed translucent door.
  8389 | D:9      | Noticed xccam's ghost (novice OpTm)
  8399 | D:9      | Killed xccam's ghost
  8412 | D:9      | Found an ancient bone altar of Kikubaaqudgha.
  8423 | D:9      | Reached skill level 12 in Stealth
  8446 | D:9      | Noticed a two-headed ogre
  8449 | D:9      | Killed a two-headed ogre
  8449 | D:9      | Reached skill level 10 in Hexes
  8549 | D:9      | Found Ziria's Gadget Shop.
  8654 | D:9      | Found a blossoming altar of Fedhas.
  8656 | D:9      | Noticed an oklob plant
  8656 | D:9      | Noticed an oklob plant
  8658 | D:9      | Killed an oklob plant
  8660 | D:9      | Killed an oklob plant
  8660 | D:9      | Reached XP level 11. HP: 60/74 MP: 21/21
  8728 | D:9      | Found a sacrificial altar of Ru.
  8729 | D:9      | Found a shimmering altar of Xom.
  8813 | D:9      | Learned a level 6 spell: Deflect Missiles
  9214 | D:10     | Entered Level 10 of the Dungeon
  9235 | D:9      | Reached skill level 1 in Charms
  9262 | D:10     | Reached skill level 1 in Air Magic
  9356 | D:10     | Noticed Erica
  9551 | D:10     | Killed Erica
 11239 | D:8      | Paralysed by a sphinx for 5 turns
 11249 | D:8      | Slain by a sphinx

Skill      XL: |  1  2  3  4  5  6  7  8  9 10 11 |
---------------+----------------------------------+-----
Hexes          | 5 6 8 9 10 | 10.0
Ice Magic      | 1 2 3 4 5 6 |  6.7
Stealth        | 5 6 7 8 9 11 12 | 12.0
Short Blades   | 2 4 5 6 8 |  8.7
Spellcasting   | 3 4 5 6 7 |  7.9
Dodging        | 3 4 6 7 |  7.1
Fighting       | 2 |  2.8
Armour         | 1 2 |  2.1
Charms         | 2 |  2.7
Air Magic      | 2 |  2.2

Action                   |  1- 3 |  4- 6 |  7- 9 | 10-12 || total
-------------------------+-------+-------+-------+-------++-------
Melee: Dagger            |   139 |   107 |   242 |   167 ||   655
       Bite              |     7 |    12 |    20 |     5 ||    44
Throw: Javelin           |       |       |       |     1 ||     1
 Cast: Corona            |     9 |       |       |       ||     9
       Ensorcelled Hiber |    17 |    33 |    89 |    90 ||   229
       Confuse           |       |     4 |    20 |    25 ||    49
Invok: Curse Item        |       |       |     1 |     2 ||     3
 Abil: Bat Form          |       |     2 |     2 |     4 ||     8
       End Transformatio |       |     2 |     1 |     5 ||     8
Evoke: Wand              |       |       |     2 |     1 ||     3
  Use: Potion            |     6 |       |     6 |     7 ||    19
 Stab: Sleeping          |    25 |    33 |    63 |    61 ||   182
       Confused          |       |     2 |     8 |     9 ||    19
  Eat: Corpse            |       |       |     1 |       ||     1
Armor: Robe              |    25 |    16 |     4 |       ||    45
       Leather armour    |       |       |    18 |    39 ||    57
Dodge: Dodged            |    92 |    55 |   123 |   113 ||   383
       Deflected         |       |       |     2 |     3 ||     5
